 Dungeon Crawl Stone Soup version 0.32-a0-292-g751ec8d2e7 (webtiles) character file.

Game seed: 1168416628431430433

561836 Essalna the Petrodigitator (level 26, -21/168 HPs)
             Began as a Gargoyle Earth Elementalist on Feb 13, 2024.
             Was the Champion of Vehumet.
             Killed by the air
             ... invoked by a titan
              (32 damage)
             ... on level 7 of Cocytus on Feb 14, 2024.
             The game lasted 03:22:18 (69121 turns).

Essalna the Petrodigitator (GrEE)                  Turns: 69121, Time: 03:22:19

Health: -21/168    AC: 37    Str: 15    XL:     26   Next: 66%
Magic:  24/46      EV: 12    Int: 31    God:    Vehumet [******]
Gold:   3786       SH: 12    Dex:  8    Spells: 9/46 levels left

rFire   + . .        k - +3 Elemental Staff {ele, rElec rF+ rC+ AC+3}
rCold   + . .        L - +1 kite shield {AC+3}
rNeg    + . .        S - +0 troll leather armour
rPois   ∞            Y - +0 helmet
rElec   +            P - +0 cloak
rCorr   .            m - +0 pair of gloves
SInv    .            r - +1 pair of boots
Will    +....        U - amulet of magic regeneration
Stlth   +            K - ring of magical power
HPRegen 1.28/turn    q - +6 ring of intelligence
MPRegen 0.70/turn

%: no passive effects
@: about to teleport, marked, frozen, flying, studying Shields, unable to drink,
very slow
A: sickness immunity, AC +20, big wings, negative energy resistance 1,
electricity resistance, torment resistance 1, petrification resistance, clumsy 1
}: 3/15 runes: decaying, serpentine, silver
a: Renounce Religion


You were on level 7 of Cocytus.
You worshipped Vehumet.
Vehumet was exalted by your worship.
You visited 11 branches of the dungeon, and saw 51 of its levels.
You visited the Abyss 1 time.
You also visited: Trove, Sewer and Bailey.

You collected 7463 gold pieces.
You spent 3677 gold pieces at shops.

Inventory:

Hand Weapons
 k - the +3 Elemental Staff (weapon) {ele, rElec rF+ rC+ AC+3}
   (You acquired it on level 5 of the Dungeon)

   AC+3:      It affects your AC (+3).
   rF+:       It protects you from fire.
   rC+:       It protects you from cold.
   rElec:     It insulates you from electricity.
Armour
 f - a +1 robe of resistance
 m - a +0 pair of gloves (worn)
 r - a +1 pair of boots (worn)
 z - the +9 shadow dragon scales of Exclusion {Will++ Str+3 Dex+4 Stlth++++}
   (You took it off a deep elf blademaster on level 3 of the Elven Halls)

   Str+3:     It affects your strength (+3).
   Dex+4:     It affects your dexterity (+4).
   Will++:    It greatly increases your willpower.
   Stlth++++: It makes you much more stealthy.
 L - a +1 kite shield of protection (worn)
 P - a +0 cloak (worn)
 S - a +0 troll leather armour (worn)
 Y - a +0 helmet (worn)
Magical Staves
 W - a staff of fire
Jewellery
 c - the ring "Pilir" {Wiz rCorr Dex+7 Slay+3}
   (You found it on level 2 of the Depths)

   [ring of wizardry]

   Wiz:       It improves your spell success rate.
   Dex+7:     It affects your dexterity (+7).
   Slay+3:    It affects your accuracy & damage with ranged weapons and melee
   (+3).
   rCorr:     It protects you from acid and corrosion.
 q - a +6 ring of intelligence (right hand)
 D - a ring of see invisible
 I - a +4 ring of protection
 K - a ring of magical power (left hand)
 R - a ring of protection from cold
 T - a ring of willpower
 U - an amulet of magic regeneration (around neck)
 X - the ring of Arrival {Fire Will+ Str+4 Slay+3}
   (You acquired it on level 4 of the Snake Pit)

   [ring of fire]

   Fire:      It enhances your fire magic.
   Str+4:     It affects your strength (+4).
   Slay+3:    It affects your accuracy & damage with ranged weapons and melee
   (+3).
   rF+:       It protects you from fire.
   rC-:       It makes you vulnerable to cold.
   Will+:     It increases your willpower.
Talismans
 x - the death talisman of Xunazur {rElec rC+}
   (You found it on level 3 of the Vaults)

   [talisman of death]

   rC+:       It protects you from cold.
   rElec:     It insulates you from electricity.
Wands
 n - a wand of acid (28)
 F - a wand of flame (7)
 V - a wand of mindburst (8)
 Z - a wand of digging (22)
Scrolls
 a - 3 scrolls of brand weapon
 h - 6 scrolls of enchant armour
 i - 5 scrolls of amnesia
 j - 10 scrolls of vulnerability
 l - 9 scrolls of identify
 t - 9 scrolls of blinking
 y - 15 scrolls of immolation
 B - 8 scrolls of fear
 C - 15 scrolls of teleportation
 G - 2 scrolls of silence
 M - 5 scrolls of fog
 N - 2 scrolls of poison
 Q - 2 scrolls of revelation
Potions
 b - 3 potions of berserk rage
 d - 24 potions of curing
 e - 5 potions of attraction
 g - 9 potions of cancellation
 o - a potion of invisibility
 p - 7 potions of mutation
 s - 5 potions of lignification
 u - 16 potions of heal wounds
 v - 14 potions of brilliance {unknown}
 w - 10 potions of haste {unknown}
 A - 6 potions of might {unknown}
 E - 3 potions of enlightenment {unknown}
 H - 4 potions of degeneration {unknown}
 O - 3 potions of resistance
Miscellaneous
 J - a lightning rod (4/4)


   Skills:
 - Level 18.0 Fighting
 - Level 12.0 Armour
 - Level 9.1 Dodging
 - Level 2.1 Stealth
 - Level 12.0 Shields
 + Level 10.8 Spellcasting
 + Level 23.7 Conjurations
 + Level 22.8 Fire Magic
 - Level 3.0 Ice Magic
 - Level 3.0 Air Magic
 O Level 27 Earth Magic


You had 9 spell levels left.
You knew the following spells:

 Your Spells              Type           Power      Damage    Failure   Level
a - Sandblast             Erth           100%       2d20      0%          1
b - Stone Arrow           Conj/Erth      100%       3d13      0%          3
c - Freezing Cloud        Conj/Ice/Air   54%        6-21      1%          5
d - Bombard               Conj/Erth      65%        9d11      1%          6
e - Iskenderun's Battles  Conj           100%       2d15      0%          5
f - Shatter               Erth           67%        3d50*     3%          9
g - Ignition              Fire           63%        3d17      1%          8

Your spell library contained the following spells:

 Spells                   Type           Power      Damage    Failure   Level
 Foxfire                  Conj/Fire      100%       2x1d9     0%          1
 Magic Dart               Conj           100%       1d8       0%          1
 Scorch                   Fire           100%       2d9       0%          2
 Searing Ray              Conj           100%       2d8       0%          2
 Passwall                 Erth           100%       N/A       0%          3
 Brom's Barrelling Bould  Conj/Erth      100%       2d11      0%          4
 Flame Wave               Conj/Fire      100%       2d21      0%          4
 Fireball                 Conj/Fire      63%        3d24      0%          5
 Sting                    Conj/Alch      100%       1d9       1%          1
 Momentum Strike          Conj/Tloc      100%       3d10      1%          2
 Dazzling Flash           Conj/Hex       100%       N/A       1%          3
 Hailstorm                Conj/Ice       99%        3d16      1%          3
 Mephitic Cloud           Conj/Alch/Air  83%        N/A       1%          3
 Volatile Blastmotes      Fire/Tloc      100%       2d18      1%          3
 Animate Armour           Summ/Erth      100%       N/A       1%          4
 Fulminant Prism          Conj/Alch      37%        3d17      1%          4
 Ignite Poison            Fire/Alch      92%        N/A       1%          4
 Iskenderun's Mystic Bla  Conj/Tloc      74%        2d15      1%          4
 Petrify                  Alch/Erth      100%       N/A       1%          4
 Arcjolt                  Conj/Air       49%        1d59      1%          5
 Borgnjor's Vile Clutch   Necr/Erth      50%        N/A       1%          5
 Irradiate                Conj/Alch      37%        3d24      1%          5
 Conjure Ball Lightning   Conj/Air       49%        3x3d17    1%          6
 Starburst                Conj/Fire      63%        6d17      1%          6
 Orb of Destruction       Conj           52%        9d13      1%          7
 Lehudib's Crystal Spear  Conj/Erth      65%        10d15     1%          8
 Ensorcelled Hibernation  Hex/Ice        78%        N/A       6%          2
 Ozocubu's Armour         Ice            52%        N/A       6%          3
 Swiftness                Air            52%        N/A       6%          3
 Slow                     Hex            64%        N/A       8%          1
 Blink                    Tloc           32%        N/A       11%         2
 Call Imp                 Summ           32%        N/A       11%         2
 Lesser Beckoning         Tloc           32%        N/A       11%         2
 Spellforged Servitor     Conj/Summ      37%        N/A       13%         7
 Fire Storm               Conj/Fire      63%        8d16      13%         9
 Confusing Touch          Hex            16%        N/A       22%         3
 Fugue of the Fallen      Necr           16%        N/A       22%         3
 Gell's Gravitas          Tloc           16%        N/A       22%         3
 Sigil of Binding         Hex            16%        N/A       22%         3
 Teleport Other           Tloc           16%        N/A       22%         3
 Tukima's Dance           Hex            16%        N/A       22%         3
 Vampiric Draining        Necr           16%        2d7       22%         3
 Summon Lightning Spire   Summ/Air       39%        N/A       36%         4
 Vhi's Electric Charge    Tloc/Air       78%        N/A       36%         4
 Yara's Violent Unravell  Hex/Alch       8%         3d5       45%         5
 Anguish                  Hex/Necr       8%         N/A       58%         4
 Animate Dead             Necr           16%        N/A       58%         4
 Dimensional Bullseye     Hex/Tloc       8%         N/A       58%         4
 Manifold Assault         Tloc           16%        N/A       58%         4
 Passage of Golubria      Tloc           16%        N/A       58%         4
 Metabolic Englaciation   Hex/Ice        19%        N/A       73%         5
 Silence                  Hex/Air        19%        N/A       73%         5
 Summon Forest            Summ/Tloc      8%         N/A       90%         5
 Summon Mana Viper        Hex/Summ       16%        N/A       90%         5
 Sculpt Simulacrum        Ice/Alch       19%        N/A       99%         6
 Chain Lightning          Conj/Air       49%        3d66      99%         9
 Death Channel            Necr           8%         N/A       100%        6
 Summon Cactus Giant      Summ           8%         N/A       100%        6
 Summon Hydra             Summ           8%         N/A       100%        7
 Discord                  Hex            8%         N/A       100%        8
 Disjunction              Tloc           8%         N/A       100%        8
 Maxwell's Capacitive Co  Air            26%        ∞         100%        8
 Sublimation of Blood     Necr           Unusable   N/A       N/A         2

Dungeon Overview and Level Annotations

Branches:
Dungeon (15/15)            Temple (1/1) D:4            Lair (5/5) D:9
  Swamp (4/4) Lair:2        Snake (4/4) Lair:3        Slime (0/5) Lair:4
    Orc (2/2) D:9             Elf (3/3) Orc:2        Vaults (5/5) D:13
  Crypt (0/3) Vaults:2     Depths (4/4) D:15           Hell (visited)
    Dis (0/7) Hell            Geh (0/7) Hell            Coc (7/7) Hell
    Tar (0/7) Hell            Zot (0/5) Depths:4      Sewer (visited)
 Bailey (visited)

Altars:
Ashenzari
Cheibriados
Dithmenos
Elyvilon
Fedhas
Gozag
Hepliaklqana
Kikubaaqudgha
Makhleb
Nemelex Xobeh
Okawaru
Qazlal
Ru
Sif Muna
Trog
Uskayaw
Vehumet
Wu Jian
Xom
Yredelemnul
Zin
The Shining One
Beogh
Jiyva

Shops:
D:6 ?   D:8 (   D:10 (::   Orc:2 (?[(:   Elf:1 :   Elf:3 *   Snake:4 ?(=*
Vaults:1 [![:?   Vaults:2 =   Depths:2 ==:   Depths:4 [

Portals:
Hell: Depths:1 Depths:2 Depths:3 Depths:4
Abyss: Depths:1 Depths:3 Depths:4
Pandemonium: Depths:2
Ziggurat: Depths:3

Annotations:
D:10 exclusions: ice statue and obsidian statue
Elf:2 6 runed translucent doors, Ennajel's ghost, adept DsMo; Teimean's ghost, adept DsNe
Depths:2 1 transporter
Coc:7 Antaeus


Innate Abilities, Weirdness & Mutations

You are immune to sickness and miasma.
Your stone body is resilient. (AC +20)
You are immune to poison.
Your large and strong wings let you fly.
You resist negative energy. (rN+)
You are resistant to electric shocks. (rElec)
You are resistant to unholy torment.
You are immune to petrification.
You are clumsy. (Dex -2)


Message History

You feel a surge of power!
The dungeon rumbles!
You kill the wendigo!
Vehumet accepts your kill.
Antaeus is lightly wounded.
The Ice Fiend is lightly wounded.
The caustic shrike simulacrum vaporises!
Vehumet accepts your kill.
You feel your power returning.
Ka-crash!
A titan comes into view.
Casting: Shatter (dangerous; 3% risk of failure)
Confirm with . or Enter, or press ? or * to list all spells.
You feel a surge of power!
The dungeon rumbles!
Antaeus is moderately wounded.
The Ice Fiend is moderately wounded.
The titan is heavily wounded.
Ka-crash!
Antaeus gestures at you. The icy flash freeze hits you!! You partially resist.
You are encased in ice.
The titan is engulfed in freezing vapours.
As you read the scroll of teleportation, it crumbles to dust.
You feel strangely unstable.
A shard shrike comes into view.
The shard shrike spits a shard of ice at you.
The shard of ice hits you!! You partially resist. Antaeus gestures at you.
The bolt of lightning hits you. You resist. The ice encasing you melts away.
Antaeus gestures at you. The icy flash freeze hits you!! You partially resist.
* * * LOW HITPOINT WARNING * * *
You are encased in ice.
The shard shrike claws you!
* * * LOW HITPOINT WARNING * * *
The shard shrike freezes you!! You resist.
* * * LOW HITPOINT WARNING * * *
The titan waves its arms in wide circles.
The air twists around and strikes you!!
You die...

#.≈≈≈≈≈≈≈≈≈≈≈#
.≈≈≈≈≈≈≈≈≈≈≈##
≈~≈....≈≈≈≈≈#
#.≈.####.≈≈≈≈##
###.......#.≈≈≈≈#
.............≈≈##
=...........#.≈≈#
.......#......≈≈#
.........b@..≈≈≈#
............#.≈≈#
...#........#.≈≈.#
.......1.....≈≈###
...#..C...#.≈≈≈≈#
#...C......≈≈≈≈##
...≈~≈....≈≈≈≈≈#
°...≈≈≈≈≈≈≈≈≈≈≈≈#
.....≈≈≈≈≈≈≈≈≈≈#.


You could see Antaeus, a titan, a shard shrike and an Ice Fiend.

Vanquished Creatures
  2 dread liches (Vaults:5)
  An ancient lich (Vaults:5)
  A juggernaut (Depths:3)
  Vashnia (Snake:4)
  6 shard shrikes
  Geryon (Hell)
  5 caustic shrikes
  3 golden dragons
  A bone dragon (Vaults:2)
  Jorgrun (Snake:2)
  2 tentacled monstrosities (Vaults:5)
  Mlioglotl (Snake:2)
  Rupert (Lair:3)
  2 deep elf blademasters (Elf:3)
  14 Ice Fiends
  Asterion (Depths:2)
  5 liches
  2 deep elf master archers (Elf:3)
  A quicksilver dragon (Depths:2)
  Murray (Hell)
  12 titans
  6 sphinxes
  3 tentacled starspawn (Abyss:2)
  Kirke (D:15)
  Agnes (Elf:1)
  A thorn hunter (Swamp:1)
  7 storm dragons
  6 shadow dragons
  Aizul (Snake:2)
  5 tengu reavers
  8 azure jellies (Coc:7)
  21 narguns
  11 nagarajas
  A revenant (Hell)
  Donald (Vaults:4)
  13 frost giants
  7 deep elf sorcerers
  8 fire giants
  An iron dragon (Hell)
  A draconian scorcher (Depths:4)
  10 shard shrike simulacra
  7 reapers (Hell)
  Louise (D:15)
  4 deep elf elementalists (Elf:3)
  A cacodemon (Abyss:2)
  A balrug (Hell)
  16 vault wardens
  3 orc warlords
  2 spriggan defenders
  4 draconian stormcallers (Depths:4)
  21 very ugly things
  9 ironbound thunderhulks
  14 ironbound preservers
  A formless jellyfish (Vaults:4)
  14 stone giants
  3 vampire knights
  4 deep elf demonologists
  2 purple draconians (Depths:4)
  21 elemental wellsprings
  Nessos (D:15)
  4 war gargoyles
  2 eleionomae
  A yellow draconian (Depths:4)
  11 deep elf annihilators
  4 deep elf death magi
  21 wendigos
  A white draconian (Depths:4)
  A bunyip (Swamp:2)
  2 green deaths (Hell)
  7 spark wasps
  2 crystal guardians (Vaults:4)
  5 ettins
  2 blizzard demons (Hell)
  2 jiangshi (Depths:3)
  8 fire dragons
  3 shambling mangroves
  3 deep elf high priests
  16 hydras
  4 entropy weavers
  9 caustic shrike simulacra
  12 yaktaur captains
  15 ice dragons
  5 rakshasas
  4 ogre magi
  12 juggernaut simulacra
  Erolcha (Orc:2)
  11 great orbs of eyes
  5 salamander tyrants
  4 spriggan air magi
  3 catoblepae
  3 peacekeepers
  5 ironbound frosthearts
  10 centaur warriors
  9 alligators
  2 ghost crabs (Swamp:4)
  2 sphinx zombies (Depths:1)
  41 vault guards
  4 boulder beetles
  22 dancing weapons
  20 naga warriors
  2 two-headed ogres
  4 tengu warriors
  6 deep troll shamans
  15 death yaks
  9 hell hogs
  8 anacondas
  An occultist (Abyss:2)
  2 titan zombies (Depths:1)
  6 deep troll earth magi
  2 vampire magi
  5 spriggan berserkers
  An orc high priest (Elf:1)
  9 spriggans
  4 shock serpents
  15 naga sharpshooters
  3 sun demons (Hell)
  11 hell knights
  2 titan skeletons
  8 deep elf knights
  4 soul eaters
  2 skysharks (Lair:5)
  2 sixfirhies (Abyss:2)
  Amaemon (D:9)
  4 iron trolls
  5 large abominations
  3 quicksilver dragon simulacra
  A golden dragon zombie (Depths:1)
  5 mana vipers
  5 salamander mystics
  A death drake (Swamp:3)
  5 goliath frogs
  5 arcanists
  53 deep trolls
  2 spriggan druids
  2 mana vipers (shapeshifter)
  10 glowing orange brains
  4 sea snakes (Snake:3)
  11 swamp dragons
  5 bog bodies
  A deep troll (shapeshifter) (Vaults:1)
  Pikel (D:7)
  A bunyip skeleton (Hell)
  7 naga ritualists
  4 deep elf archers
  6 spriggan simulacra
  2 flayed ghosts
  A harpy (shapeshifter) (D:14)
  9 lindwurms
  5 phantasmal warriors
  A kraken simulacrum (Coc:7)
  6 necromancers
  21 deep elf zephyrmancers
  15 ironbound convokers
  12 orc knights
  29 ugly things
  A manticore (shapeshifter) (Vaults:4)
  2 frost giant zombies (Depths:1)
  3 will-o-the-wisps
  7 cyclopes
  A tengu skeleton (Depths:3)
  18 deep elf pyromancers
  10 orc sorcerers
  27 salamanders
  A meliai (D:14)
  A shadow dragon skeleton (Depths:1)
  6 manticores
  23 vault sentinels
  An ice statue (Coc:7)
  7 elephants
  A meliai (shapeshifter) (D:15)
  Joseph (Lair:1)
  4 kobold blastminers (Orc:2)
  16 naga magi
  8 guardian serpents
  7 rust devils (Hell)
  12 smoke demons
  A water nymph (shapeshifter) (Depths:3)
  An apocalypse crab (Abyss:2)
  29 black mambas
  7 titan simulacra
  A torpor snail (Lair:5)
  3 dire elephant zombies (Hell)
  A gargoyle (D:10)
  2 molten gargoyles (Hell)
  19 cane toads
  Maggie (D:7)
  13 komodo dragons
  5 hellions
  3 kobold demonologists (D:11)
  3 orange demons
  2 storm dragon simulacra (Coc:1)
  4 rime drakes
  39 yaktaurs
  A bunyip simulacrum (Coc:1)
  6 unseen horrors (Depths:1)
  7 tormentors
  4 efreet (Abyss:2)
  An alligator snapping turtle skeleton (Hell)
  A guardian mummy (D:12)
  A tengu conjurer (D:14)
  12 freezing wraiths
  3 golden dragon simulacra
  4 trolls
  An ancient zyme (Abyss:2)
  3 ice devils (Hell)
  6 anaconda simulacra
  A troll (shapeshifter) (D:14)
  A hydra zombie (Hell)
  3 bloated husks
  9 tyrant leeches
  A queen bee (shapeshifter) (Elf:1)
  A harpy zombie (Hell)
  10 polar bears
  A harpy skeleton (Hell)
  4 raiju (Lair:5)
  2 glass eyes
  17 blink frogs
  4 stone giant simulacra
  6 dream sheep (Lair:3)
  A fire giant simulacrum (Depths:3)
  15 hornets
  3 iron dragon simulacra
  A jumping spider (shapeshifter) (Vaults:5)
  A jumping spider (Vaults:4)
  26 slime creatures
  A centaur simulacrum (Coc:1)
  2 culicivoras
  3 naga simulacra
  An air elemental (Elf:2)
  2 shadows
  5 water elementals
  A ynoxinul (Abyss:2)
  3 dire elephant simulacra
  Sigmund (D:6)
  3 wyverns
  4 wraiths
  48 yaks
  A vampire (D:14)
  A fire elemental (Elf:2)
  A hog (shapeshifter) (D:14)
  7 basilisks
  11 wargs
  12 starcursed masses (Abyss:2)
  6 steam dragons
  An alligator snapping turtle simulacrum (Coc:3)
  4 hogs (D:15)
  6 redbacks
  3 vampire mosquitoes
  A redback (shapeshifter) (Vaults:4)
  3 chaos spawn
  Edmund (D:6)
  20 harpy simulacra
  19 swamp worms
  5 acid dragons
  38 nagas
  A swamp worm (shapeshifter) (Vaults:1)
  2 hydra simulacra
  Duvessa (D:6)
  15 water moccasins
  13 hell hounds
  29 orc warriors
  10 swamp drakes
  An ice beast (D:6)
  14 black bears
  An ice dragon simulacrum (Coc:2)
  9 laughing skulls
  A crocodile (shapeshifter) (D:14)
  15 ogres
  5 ettin simulacra
  2 centaurs
  14 boggarts
  22 wolves
  3 phantoms
  3 lemures (D:7)
  4 kobold brigands
  A weeping skull (Abyss:2)
  A bullfrog (shapeshifter) (D:14)
  12 bullfrogs
  A glowing shapeshifter simulacrum (Depths:1)
  7 small abominations
  A gnoll sergeant (D:9)
  A scorpion (D:6)
  Dowan (D:6)
  A troll zombie (Swamp:3)
  4 killer bees (D:11)
  7 howler monkeys
  A troll skeleton (Swamp:3)
  2 electric eels (Lair:2)
  2 lava snakes (Lair:3)
  A bombardier beetle (D:4)
  2 jellies (D:7)
  13 orc priests
  3 hounds
  2 gnoll boudas
  30 orc wizards
  7 iguanas
  6 adders
  28 gnolls
  A river rat (Sewer)
  A white imp (D:7)
  A dart slug (D:3)
  3 ribbon worms (Sewer)
  72 orcs
  8 ball pythons
  8 bats
  11 endoplasms
  9 giant cockroaches
  18 hobgoblins
  10 jackals
  7 quokkas
  3 frilled lizards (D:1)
  14 goblins
  15 kobolds
  18 rats
  A lurking horror (Abyss:2)
  2 starspawn tentacles (Abyss:2)
2131 creatures vanquished.

Vanquished Creatures (collateral kills)
  A deep elf blademaster (Elf:3)
  An anaconda (Snake:1)
  A naga sharpshooter (Snake:1)
  A weeping skull (Elf:3)
4 creatures vanquished.

Vanquished Creatures (others)
  An azure jelly (Coc:7)
  A shard shrike simulacrum (Coc:7)
  A blink frog (Lair:3)
  2 humans (D:15)
  2 alligator snapping turtle simulacra
  3 harpy simulacra
  An ettin simulacrum (Coc:7)
  2 small abominations (Abyss:2)
  A quokka (D:15)
  11 foxfires
25 creatures vanquished.

Grand Total: 2160 creatures vanquished

Notes
Turn   | Place    | Note
-------+----------+-------------------------------------------
     0 | D:1      | Essalna the Gargoyle Earth Elementalist began the quest for
                  | the Orb.
     0 | D:1      | Reached XP level 1. HP: 10/10 MP: 3/3
    82 | D:1      | Reached XP level 2. HP: 15/15 MP: 1/5
    95 | D:1      | Reached skill level 4 in Earth Magic
   128 | D:1      | Reached XP level 3. HP: 16/19 MP: 1/6
   132 | D:1      | Found a faded altar of an unknown god.
   745 | D:2      | Reached XP level 4. HP: 24/24 MP: 5/8
  1064 | D:2      | Learned a level 3 spell: Stone Arrow
  1240 | D:2      | Reached XP level 5. HP: 15/28 MP: 4/9
  1679 | D:3      | Reached skill level 5 in Earth Magic
  2157 | D:4      | Reached XP level 6. HP: 29/32 MP: 7/11
  2365 | D:4      | Found a staircase to the Ecumenical Temple.
  2374 | Temple   | Entered the Ecumenical Temple
  2401 | Temple   | Became a worshipper of Vehumet
  2641 | D:4      | You fall into a shaft and drop 2 floors!
  2659 | D:6      | a gnoll sergeant changed into a blink frog
  2659 | D:6      | Noticed a blink frog
  2661 | D:6      | Killed a blink frog
  2661 | D:6      | Noticed Edmund
  2662 | D:6      | Reached skill level 6 in Earth Magic
  2662 | D:6      | Reached XP level 7. HP: 36/36 MP: 7/13
  2675 | D:6      | Reached skill level 5 in Conjurations
  2694 | D:6      | Found a glowing drain.
  2701 | D:6      | Reached * piety under Vehumet
  2701 | D:6      | Offered knowledge of Freeze by Vehumet.
  2706 | Sewer    | Entered a sewer
  3138 | D:6      | Killed Edmund
  3139 | D:6      | Reached skill level 5 in Spellcasting
  3139 | D:6      | Reached skill level 7 in Earth Magic
  3139 | D:6      | Reached XP level 8. HP: 41/41 MP: 4/15
  3248 | D:6      | Noticed Duvessa
  3251 | D:6      | Killed Duvessa
  3251 | D:6      | Noticed Dowan
  3257 | D:6      | Killed Dowan
  3258 | D:6      | Reached skill level 1 in Fighting
  3258 | D:6      | Reached skill level 1 in Armour
  3311 | D:6      | Found a broken altar of Ashenzari.
  3311 | D:6      | Found a shadowy altar of Dithmenos.
  3354 | D:5      | Entered Level 5 of the Dungeon
  3625 | D:5      | Reached ** piety under Vehumet
  3625 | D:5      | Offered knowledge of Kiss of Death by Vehumet.
  3808 | D:5      | Reached skill level 8 in Earth Magic
  3884 | D:5      | Found a basalt altar of Yredelemnul.
  4239 | D:4      | Found a glowing golden altar of the Shining One.
  4467 | D:6      | Reached XP level 9. HP: 50/50 MP: 13/16
  4608 | D:6      | Found Hysm's Magic Scroll Boutique.
  4737 | D:6      | Noticed Sigmund
  4739 | D:6      | Killed Sigmund
  5125 | D:7      | Noticed Pikel
  5144 | D:7      | Killed Pikel
  5146 | D:7      | Reached skill level 9 in Earth Magic
  5302 | D:7      | Noticed Maggie
  5311 | D:7      | Killed Maggie
  5461 | D:7      | Noticed a hornet
  5469 | D:7      | Killed a hornet
  5470 | D:7      | Reached skill level 5 in Fighting
  5470 | D:7      | Reached XP level 10. HP: 59/59 MP: 13/17
  5548 | D:7      | Reached skill level 5 in Armour
  5962 | D:7      | Found an opulent altar of Gozag.
  6471 | D:8      | Found Ynimif's Firing Range.
  6635 | D:8      | Offered knowledge of Mercury Vapours by Vehumet.
  7248 | D:9      | Found a flagged portal.
  7273 | Bailey   | Entered a bailey
  7492 | Bailey   | Noticed an orc knight
  7521 | Bailey   | Killed an orc knight
  7522 | Bailey   | Reached skill level 10 in Earth Magic
  7650 | Bailey   | Noticed an orc knight
  7659 | Bailey   | Reached *** piety under Vehumet
  7677 | Bailey   | Killed an orc knight
  7678 | Bailey   | Reached skill level 5 in Dodging
  7871 | Bailey   | Noticed an orc knight
  7877 | Bailey   | Killed an orc knight
  7909 | Bailey   | Reached XP level 11. HP: 49/66 MP: 4/18
  8060 | Bailey   | Offered knowledge of Dazzling Flash by Vehumet.
  8061 | Bailey   | Noticed an orc warlord
  8241 | D:9      | Reached XP level 12. HP: 81/81 MP: 19/19
  8390 | D:9      | Noticed a two-headed ogre
  8395 | D:9      | Killed a two-headed ogre
  8509 | D:9      | Noticed Amaemon
  8518 | D:9      | Killed Amaemon
  8724 | D:9      | Found a staircase to the Lair.
  8885 | D:9      | Found a staircase to the Orcish Mines.
  9388 | D:10     | Entered Level 10 of the Dungeon
  9482 | D:10     | Reached skill level 11 in Earth Magic
  9644 | D:10     | Reached **** piety under Vehumet
  9784 | D:10     | Found a shimmering blue altar of Sif Muna.
  9786 | D:10     | Found a bloodstained altar of Trog.
  9824 | D:10     | Found Yqeefyx's Book Shoppe.
  9867 | D:10     | Found an ornate altar of the Wu Jian Council.
  9970 | D:10     | Found Ovveof's Weapon Shoppe.
 10057 | D:10     | Found an iron altar of Okawaru.
 10057 | D:10     | Found a white marble altar of Elyvilon.
 10187 | D:10     | Found Uthajuss's Book Boutique.
 11229 | D:11     | Reached skill level 10 in Conjurations
 11605 | Orc:1    | Entered Level 1 of the Orcish Mines
 11635 | Orc:1    | Offered knowledge of Arcjolt by Vehumet.
 11909 | Orc:2    | Entered Level 2 of the Orcish Mines
 11914 | Orc:2    | Noticed an orc warlord
 11916 | Orc:2    | Reached XP level 13. HP: 87/87 MP: 4/20
 12049 | Lair:1   | Entered Level 1 of the Lair of Beasts
 12384 | Lair:1   | Noticed Joseph
 12388 | Lair:1   | Killed Joseph
 12389 | Lair:1   | Reached skill level 12 in Earth Magic
 13662 | Lair:2   | Found a staircase to the Swamp.
 15161 | Lair:3   | Reached skill level 13 in Earth Magic
 15249 | Lair:3   | Reached skill level 10 in Armour
 15324 | Lair:3   | Got the Vellum of the Unstable Wendigo
 15340 | Lair:3   | Gained mutation: Your large and strong wings let you fly.
                  | [Gargoyle growth]
 15340 | Lair:3   | Reached XP level 14. HP: 95/95 MP: 19/21
 15344 | Lair:3   | Reached ***** piety under Vehumet
 15432 | Lair:3   | Offered knowledge of Freezing Cloud by Vehumet.
 15443 | Lair:3   | Identified the maw talisman of Parlour Games {Will- rCorr
                  | Dex+5}
 15443 | Lair:3   | Noticed Rupert
 15450 | Lair:3   | Paralysed by Rupert for 4 turns
 15464 | Lair:3   | Killed Rupert
 15752 | Lair:3   | Found a staircase to the Snake Pit.
 16869 | Lair:4   | Found a viscous altar of Jiyva.
 16869 | Lair:4   | Found a staircase to the Slime Pits.
 17128 | Lair:5   | Entered Level 5 of the Lair of Beasts
 17549 | Lair:5   | Learned a level 5 spell: Freezing Cloud
 17615 | Lair:5   | Offered knowledge of Sticky Flame by Vehumet.
 18000 | Lair:5   | Reached skill level 1 in Ice Magic
 18000 | Lair:5   | Reached skill level 14 in Earth Magic
 18138 | Lair:5   | Reached skill level 1 in Air Magic
 18350 | Lair:5   | Reached XP level 15. HP: 101/101 MP: 19/22
 18371 | Lair:5   | Upgraded the game from 0.32-a0-290-g598725c5f2 to
                  | 0.32-a0-292-g751ec8d2e7
 20018 | Lair:5   | Offered knowledge of Ozocubu's Refrigeration by Vehumet.
 20221 | Lair:5   | Reached skill level 15 in Fighting
 20822 | D:5      | Identified a scroll of acquirement
 21214 | Orc:2    | Found a roughly hewn altar of Beogh.
 21457 | Orc:2    | Killed an orc warlord
 21815 | Orc:2    | Found a transporter.
 21815 | Orc:2    | Found Zappeet's Antique Weapon Shoppe.
 21821 | Orc:2    | Found a staircase to the Elven Halls.
 22194 | Orc:2    | Paralysed by an orc sorcerer for 5 turns
 22286 | Orc:2    | Found Icruis's Antique Armour Shoppe.
 22336 | Orc:2    | Found an ancient bone altar of Kikubaaqudgha.
 22340 | Orc:2    | Paralysed by an orc sorcerer for 4 turns
 22428 | Orc:2    | Found Diderph's Antique Weapon Shoppe.
 22439 | Orc:2    | Noticed Erolcha
 22447 | Orc:2    | Killed Erolcha
 22571 | Orc:2    | Found a radiant altar of Vehumet.
 22605 | Orc:2    | Found Xudwal's Magic Scroll Emporium.
 22615 | Orc:2    | Bought a scroll of teleportation for 36 gold pieces
 22615 | Orc:2    | Bought a scroll of blinking for 90 gold pieces
 22747 | Orc:2    | Found a transporter.
 22831 | Orc:2    | Bought a blackened broad axe for 234 gold pieces
 22831 | Orc:2    | Identified the +1 broad axe of Dishonesty {protect, Str+5}
                  | (You bought it in a shop on level 2 of the Orcish Mines)
 22902 | Orc:2    | Found Zobeics's Book Shoppe.
 22903 | Orc:2    | Found a roughly hewn altar of Beogh.
 23315 | Orc:1    | Reached ****** piety under Vehumet
 23700 | D:12     | Offered knowledge of Bombard by Vehumet.
 23834 | D:12     | Learned a level 6 spell: Bombard
 23959 | D:12     | Found a portal to a secret trove of treasure.
 24650 | D:13     | Reached skill level 15 in Earth Magic
 24714 | D:13     | Found a gate to the Vaults.
 24781 | D:13     | Reached skill level 1 in Shields
 24978 | D:13     | Identified the staff of Mens Rea {Will+ Tloc Earth}
 25586 | D:13     | Reached XP level 16. HP: 100/108 MP: 25/25
 25942 | D:10     | Bought Sif Muna's Octavo of Causimancy for 640 gold pieces
 25942 | D:10     | Bought a book of Transmutation for 448 gold pieces
 26222 | D:14     | Reached skill level 5 in Shields
 27438 | D:14     | Offered knowledge of Iskenderun's Battlesphere by Vehumet.
 27445 | D:14     | Learned a level 5 spell: Iskenderun's Battlesphere
 27836 | D:15     | Entered Level 15 of the Dungeon
 27837 | D:15     | Noticed Louise
 27941 | D:15     | Noticed Kirke
 27959 | D:15     | Killed Kirke
 28351 | D:15     | Noticed Nessos
 28362 | D:15     | Killed Nessos
 28603 | D:15     | Killed Louise
 28604 | D:15     | Reached skill level 10 in Shields
 29180 | D:15     | Found a white marble altar of Elyvilon.
 29334 | D:15     | Found a staircase to the Depths.
 29707 | Snake:1  | Entered Level 1 of the Snake Pit
 31835 | Snake:2  | Reached XP level 17. HP: 99/115 MP: 12/26
 32365 | Snake:2  | Reached skill level 16 in Earth Magic
 32646 | Snake:2  | Identified the serpent talisman "Qafo" {rF+ rN+ Dex+4}
 32646 | Snake:2  | Noticed Aizul
 32663 | Snake:2  | Killed Aizul
 32900 | Snake:2  | You are sucked into a shaft and drop 1 floor!
 32910 | Snake:3  | Offered knowledge of Eringya's Noxious Bog by Vehumet.
 33774 | Snake:3  | Reached skill level 17 in Earth Magic
 34566 | Snake:2  | Noticed Mlioglotl
 34581 | Snake:2  | Noticed a lich
 34611 | Snake:4  | Entered Level 4 of the Snake Pit
 35073 | Snake:4  | Offered knowledge of Conjure Ball Lightning by Vehumet.
 35166 | Snake:4  | Identified the +7 trident of Lorpheat {flame, rC- Dex+5}
 35321 | Snake:4  | Reached skill level 18 in Earth Magic
 35472 | Snake:4  | Reached XP level 18. HP: 125/125 MP: 17/27
 35994 | Snake:4  | Reached skill level 19 in Earth Magic
 36126 | Snake:4  | Noticed Vashnia
 36161 | Snake:4  | Killed Vashnia
 36660 | Snake:4  | Reached skill level 20 in Earth Magic
 36975 | Snake:4  | Got a serpentine rune of Zot
 37225 | Snake:4  | Found Yhaguf's Jewellery Boutique.
 37225 | Snake:4  | Found Myngoett's Assorted Antiques.
 37232 | Snake:4  | Found Irelliggi's Weapon Shop.
 37244 | Snake:4  | Found Tytwac's Magic Scroll Emporium.
 37253 | Snake:4  | Bought a scroll of acquirement for 988 gold pieces
 37253 | Snake:4  | Bought a scroll of blinking for 142 gold pieces
 37253 | Snake:4  | Bought a scroll of teleportation for 57 gold pieces
 37253 | Snake:4  | Bought a scroll of teleportation for 57 gold pieces
 37253 | Snake:4  | Bought a scroll of teleportation for 57 gold pieces
 37254 | Snake:4  | Acquired the +3 Elemental Staff {ele, rElec rF+ rC+ AC+3}
 37254 | Snake:4  | Found the +3 Elemental Staff {ele, rElec rF+ rC+ AC+3}
 37265 | Snake:4  | Acquired the ring of Arrival {Fire Will+ Str+4 Slay+3}
 37399 | Snake:2  | Killed Mlioglotl
 37617 | Snake:2  | Noticed Jorgrun
 37969 | Snake:2  | Killed Jorgrun
 38186 | Swamp:1  | Entered Level 1 of the Swamp
 38403 | Swamp:1  | Found a broken altar of Ashenzari.
 38642 | Swamp:1  | Reached skill level 21 in Earth Magic
 39387 | Swamp:2  | You are sucked into a shaft and drop 1 floor!
 39724 | Swamp:2  | Offered knowledge of Fire Storm by Vehumet.
 39724 | Swamp:2  | Offered knowledge of Shatter by Vehumet.
 39724 | Swamp:2  | Offered knowledge of Maxwell's Capacitive Coupling by
                  | Vehumet.
 39735 | Swamp:2  | Learned a level 9 spell: Shatter
 41112 | Swamp:3  | Reached skill level 22 in Earth Magic
 41784 | Swamp:4  | Entered Level 4 of the Swamp
 41789 | Swamp:4  | Reached XP level 19. HP: 130/130 MP: 17/28
 42824 | Swamp:4  | Reached skill level 23 in Earth Magic
 43818 | Swamp:4  | Got a decaying rune of Zot
 44055 | Elf:1    | Entered Level 1 of the Elven Halls
 44584 | Elf:1    | Found Fipsaull's Book Shop.
 44821 | Elf:1    | Reached skill level 24 in Earth Magic
 45281 | Elf:1    | Noticed Agnes
 45285 | Elf:1    | Killed Agnes
 46191 | Elf:2    | Paralysed by an air elemental for 1 turns
 46283 | Elf:2    | Identified the +4 leather armour of Ignis's Favour {rC-
                  | Will++ Dex+3 SInv}
 46286 | Elf:2    | Identified the +8 trident of Jappywn {protect, Dex+6}
 46906 | Elf:2    | Reached skill level 25 in Earth Magic
 46928 | Elf:2    | Paralysed by an orc sorcerer for 2 turns
 47166 | Elf:2    | Found a runed translucent gate.
 47166 | Elf:2    | Found a runed translucent gate.
 47166 | Elf:2    | Noticed Ennajel's ghost (adept DsMo)
 47166 | Elf:2    | Noticed Teimean's ghost (adept DsNe)
 47167 | Elf:2    | Found a runed translucent gate.
 47212 | Elf:2    | Found a runed translucent gate.
 47213 | Elf:2    | Found a runed translucent gate.
 47213 | Elf:2    | Found a runed translucent gate.
 47383 | Elf:3    | Entered Level 3 of the Elven Halls
 47456 | Elf:3    | Identified the orb "Vesipn" {guile, Air}
 47694 | Elf:3    | Found Uluaris's CLEARANCE SALE!.
 48035 | Elf:3    | Reached XP level 20. HP: 130/136 MP: 22/29
 48231 | Elf:3    | Identified the +0 leather armour of Oxethras {Will+}
 48307 | Elf:3    | Identified the +5 morningstar of Grace {freeze, rF+ rN+
                  | Str+3}
 48330 | Elf:3    | Identified the +9 short sword of the Final Decision {venom,
                  | rPois rF- Will+ Str+7}
 48342 | Elf:3    | Identified the +9 shadow dragon scales of Exclusion {Will++
                  | Str+3 Dex+4 Stlth++++}
 48364 | Abyss:2  | Cast into level 2 of the Abyss (a deep elf sorcerer)
 48451 | Abyss:2  | Found a corrupted altar of Lugonu.
 48457 | Abyss:2  | Found a corrupted altar of Lugonu.
 48457 | Abyss:2  | Found a corrupted altar of Lugonu.
 48655 | Abyss:2  | Reached skill level 26 in Earth Magic
 48657 | Abyss:2  | Gained mutation: You are clumsy. (Dex -2) [a cacodemon]
 48707 | Abyss:2  | Noticed a bone dragon
 48708 | Abyss:2  | Paralysed by accursed screaming for 1 turns
 49010 | Elf:3    | Escaped the Abyss
 49013 | Elf:3    | Identified the +3 leather armour "Uvu Koo" {rElec Int+3
                  | Slay+2}
 49154 | Elf:3    | Identified the +0 ring mail of Terror {Rampage Dex+5}
 49507 | Elf:3    | Reached skill level 27 in Earth Magic
 49669 | Elf:3    | Got the Almanac of the Salvo
 49671 | Elf:3    | Got The Orphic Practices in Simple Steps
 49679 | Elf:3    | Identified the staff of Vatoida {rPois Dex-3 Hexes Necro
                  | Fire Alchemy}
 49691 | Elf:3    | Identified the staff "Keef" {^Fragile rF++ rC+ rN+ Necro}
 49857 | Elf:3    | Reached skill level 1 in Fire Magic
 50268 | Vaults:1 | Entered Level 1 of the Vaults
 50341 | Vaults:1 | Found Qecluif's Armour Shoppe.
 50459 | Vaults:1 | Found Antunor's Book Shop.
 50816 | Vaults:1 | Reached skill level 5 in Fire Magic
 51118 | Vaults:1 | Found Xius's Distillery.
 51126 | Vaults:1 | Bought a potion of heal wounds for 75 gold pieces
 51126 | Vaults:1 | Bought a potion of heal wounds for 75 gold pieces
 51681 | Vaults:1 | Identified the +0 leather armour "Bihuezo" {Dex+5 Slay+3}
 51833 | Vaults:1 | Acquired 831 gold pieces
 51984 | Vaults:1 | Found Boagh's Magic Scroll Boutique.
 51994 | Vaults:1 | Bought a scroll of teleportation for 33 gold pieces
 52331 | Vaults:1 | Found Hibrueph's Armour Boutique.
 52693 | Vaults:2 | Reached XP level 21. HP: 141/141 MP: 30/30
 52973 | Vaults:2 | Reached skill level 10 in Fire Magic
 52974 | Vaults:2 | Noticed a bone dragon
 52975 | Vaults:2 | Killed a bone dragon
 52984 | Vaults:2 | Found a staircase to the Crypt.
 53811 | Vaults:2 | Found Minarhiz's Jewellery Emporium.
 54730 | Vaults:3 | Identified the death talisman of Xunazur {rElec rC+}
 55657 | Vaults:4 | Noticed Donald
 55659 | Vaults:4 | Killed Donald
 55675 | Vaults:4 | Reached XP level 22. HP: 147/147 MP: 26/31
 56736 | Vaults:4 | Reached skill level 15 in Fire Magic
 57604 | Vaults:4 | Reached skill level 15 in Conjurations
 57876 | Vaults:5 | Entered Level 5 of the Vaults
 57882 | Vaults:5 | Noticed a dread lich
 57883 | Vaults:5 | Killed a dread lich
 57883 | Vaults:5 | Noticed a golden dragon
 57885 | Vaults:5 | Noticed a dread lich
 57887 | Vaults:5 | Paralysed by a dread lich for 5 turns
 57905 | Vaults:4 | Killed a golden dragon
 58007 | Vaults:5 | Killed a dread lich
 58040 | Vaults:5 | Identified the +5 scale mail of Space {rC++ rN+ MP+9 Str-5}
 58045 | Vaults:5 | Reached XP level 23. HP: 106/152 MP: 32/32
 58204 | Vaults:5 | Noticed an ancient lich
 58353 | Vaults:5 | Killed an ancient lich
 59156 | Vaults:5 | Got a silver rune of Zot
 59326 | Vaults:5 | Identified the staff of Qepi Qujuomu {rPois rN+ Conj Hexes
                  | Ice}
 59740 | Vaults:5 | Identified the staff "Gram" {rCorr Stlth- Conj Necro}
 59741 | Vaults:5 | Identified the staff "Puxaul" {rPois rC+ Summ Ice}
 60262 | D:12     | You paid a toll of +3 storm dragon scales to enter a
                  | treasure trove
 60263 | Trove    | Entered a treasure trove
 60277 | Trove    | Got Sif Muna's Elucidation of the Energetic Boggart
 60322 | Trove    | Got Pualoruf's Notes on Calefaction and the Gargoyle
 60325 | Trove    | Got Sif Muna's Compendium of Conjuring
 60462 | Depths:1 | Entered Level 1 of the Depths
 61138 | Depths:1 | Found a gateway to Hell.
 61146 | Depths:1 | Found Watopum's Armour Shop.
 61195 | Depths:1 | Found a one-way gate to the infinite horrors of the Abyss.
 61298 | Depths:1 | Found a shadowy altar of Dithmenos.
 62296 | Depths:2 | Noticed Asterion
 62408 | Depths:2 | Killed Asterion
 62747 | Depths:2 | Found a transporter.
 62900 | Depths:2 | Found Fokh's Jewellery Boutique.
 62901 | Depths:2 | Found Suixkoed's Book Shoppe.
 62902 | Depths:2 | Found Nasuqyni's Jewellery Boutique.
 62908 | Depths:2 | Bought an amulet of magic regeneration for 570 gold pieces
 63043 | Depths:2 | Found a transporter.
 63055 | Depths:2 | Found a one-way gate leading to the halls of Pandemonium.
 63189 | Depths:2 | Identified the ring "Pilir" {Wiz rCorr Dex+7 Slay+3}
 63194 | Depths:2 | Identified the ring of No Interval {Fly Int+2}
 63194 | Depths:2 | Noticed a caustic shrike
 63483 | Depths:2 | Reached XP level 24. HP: 137/157 MP: 32/32
 63486 | Depths:2 | Killed a caustic shrike
 63826 | Depths:3 | Found a one-way gateway to a ziggurat.
 63912 | Depths:3 | Noticed a caustic shrike
 63912 | Depths:3 | Noticed a caustic shrike
 63912 | Depths:3 | Noticed a caustic shrike
 63913 | Depths:3 | Noticed a juggernaut
 63913 | Depths:3 | Noticed a caustic shrike
 63915 | Depths:3 | Killed a juggernaut
 63917 | Depths:3 | Killed a caustic shrike
 63918 | Depths:3 | Killed a caustic shrike
 63918 | Depths:3 | Killed a caustic shrike
 63919 | Depths:3 | Killed a caustic shrike
 64389 | Depths:3 | Identified the +3 shortbow of Epytek {flame, rF+ Int+4
                  | SInv}
 64836 | Depths:4 | Entered Level 4 of the Depths
 64846 | Depths:4 | Found Uqeott's Antique Armour Emporium.
 65127 | Depths:4 | Bought a brightly glowing leather armour for 175 gold
                  | pieces
 65127 | Depths:4 | Identified the +0 leather armour of Qeimorgh {rN+} (You
                  | bought it in a shop on level 4 of the Depths)
 65150 | Depths:4 | Identified the +1 ring mail "Plog" {^Contam +Blink rCorr
                  | MP+9}
 65313 | Depths:4 | Found a gate to the Realm of Zot.
 65499 | Depths:4 | Reached XP level 25. HP: 149/163 MP: 19/32
 65884 | Hell     | Entered the Vestibule of Hell
 65884 | Hell     | Noticed Geryon
 65887 | Hell     | Noticed Murray
 65889 | Hell     | Killed Murray
 65897 | Hell     | Killed Geryon
 66136 | Hell     | Found a gateway to the ashen valley of Gehenna.
 66251 | Hell     | Found a gateway to the decaying netherworld of Tartarus.
 66298 | Hell     | Found a gateway to the freezing wastes of Cocytus.
 66337 | Hell     | Found a gateway to the Iron City of Dis.
 66375 | Coc:1    | Entered Level 1 of Cocytus
 66397 | Coc:1    | Paralysed by a wendigo for 1 turns
 66988 | Coc:2    | Learned a level 8 spell: Ignition
 68056 | Coc:6    | Noticed a shard shrike
 68058 | Coc:6    | Noticed a shard shrike
 68059 | Coc:6    | Killed a shard shrike
 68064 | Coc:6    | Killed a shard shrike
 68218 | Coc:6    | Reached XP level 26. HP: 168/168 MP: 35/35
 68339 | Coc:7    | Entered Level 7 of Cocytus
 68369 | Coc:7    | Paralysed by a wendigo for 1 turns
 68547 | Coc:7    | Paralysed by a wendigo for 1 turns
 68654 | Coc:7    | Paralysed by a wendigo for 1 turns
 68706 | Coc:7    | Reached skill level 10 in Spellcasting
 68792 | Coc:7    | Noticed a shard shrike
 68803 | Coc:7    | Killed a shard shrike
 68938 | Coc:7    | Noticed a shard shrike
 68946 | Coc:7    | Killed a shard shrike
 68963 | Coc:7    | Noticed a shard shrike
 68974 | Coc:7    | Killed a shard shrike
 68987 | Coc:7    | Noticed a shard shrike
 68989 | Coc:7    | Killed a shard shrike
 69114 | Coc:7    | Identified the amulet "Fiosiato" {Acrobat Str+2}
 69114 | Coc:7    | Noticed Antaeus
 69119 | Coc:7    | Noticed a shard shrike
 69121 | Coc:7    | Killed from afar by a titan

Illustrated notes

Levels and vault maps discovered:
D:1:      dpeg_arrival_solitude, layout_rooms, basic_ecumenical_altar,
          minmay_misc_feat_enclosed
D:2:      layout_loops_ring
D:3:      layout_rooms
D:4:      layout_loops_ring, tso_oasis_becter,
          minmay_temple_entry_drinking_statues, serial_glass, glass_columns_a,
          glass_columns_a, due_unseen_surprise, feat_on_display
D:5:      layout_gridville, yredelemnul_altar_generic, serial_glass,
          glass_columns_a, glass_columns_a, glass_columns_b, glass_columns_a,
          item_on_display_a, item_on_display_a, due_unseen_surprise,
          item_on_display_a
D:6:      layout_cave_pools, nicolae_overflow_two_pavilions, serial_shops,
          shop_statue, gup_sewer_entry_pipe, uniq_edmund, uniq_sigmund,
          uniq_duvessa
D:7:      layout_loops_corners, nicolae_gozag_seed_capital, uniq_pikel,
          uniq_maggie
D:8:      layout_layer_cave, nicolae_shop_firing_range
D:9:      layout_big_octagon, lair_entry_dummy, orc_0_dummy, enter_bailey_2,
          uniq_amaemon
D:10:     minmay_separated_statues, layout_long_grid,
          hellmonk_overflow_destroyed_library,
          gammafunk_temple_overflow_elements, pdpol_wu_jian_five_deadly_venoms,
          serial_shops, nicolae_shop_bloodbath_and_beyond,
          nicolae_inconvenience_store, kennysheep_little_box
D:11:     layout_roguey
D:12:     layout_gridville, nicolae_trove_entry_path_of_doom
D:13:     layout_basic, erik_vaults_2
D:14:     minmay_eight_partial_circles, layout_basic
D:15:     grunt_enter_depths_hoard, layout_irregular_city, elyvilon_altar_4,
          uniq_nessos, uniq_kirke, uniq_louise
Temple:   hc_temple_tempest_star
Lair:1:   layout_long_grid, grunt_forest_large_clearings, lemuel_fruit_tree,
          uniq_joseph, uniq_sonja
Lair:2:   layout_regular_city, minmay_swamp_entry_eels, st_stairs_3,
          infiniplex_staircase_pool, grunt_megastairs_5
Lair:3:   layout_chaotic_city, nicolae_snake_entry_warm_welcome,
          lemuel_old_faithful, uniq_rupert
Lair:4:   layout_gridlike, dpeg_slime_entry_enclosed
Lair:5:   guppyfry_lair_end_dragon, layout_layer_cave,
          hangedman_lair_caniforms_friends, serial_bayou_shore_b
Swamp:1:  layout_basic_swamp, basic_altar
Swamp:2:  layout_basic_swamp, evilmike_swamp_ruin_rubble_1
Swamp:3:  layout_basic_swamp, hangedman_swamp_cone, swamp_pool_1_2,
          cheibrodos_swamp_minitomb
Swamp:4:  swamp, layout_basic_swamp
Snake:1:  layout_chambers
Snake:2:  layout_onion, uniq_aizul, uniq_jorgrun, uniq_mlioglotl
Snake:3:  layout_misc_corridors, nicolae_snake_double_loop, st_stairs_4,
          grunt_ministairs_8, serial_bayou_shore_a, serial_bayou_shore_b
Snake:4:  grunt_snake_rune_spirals, layout_onion_interference, st_stairs_3,
          nicolae_snake_serpentine_bazaar, uniq_vashnia
Orc:1:    layout_caves
Orc:2:    kennysheep_orc_mage_school, layout_diamond_mine, basic_altar,
          serial_shops, nicolae_shop_drivethru
Elf:1:    eino_elf_arrival_customs, layout_gridlike, serial_shops, shop,
          hangedman_elven_crosses_minicolossus, uniq_agnes
Elf:2:    nicolae_elf_blades_crystal_corner, layout_gridlike,
          gammafunk_ghost_cemetery
Elf:3:    minmay_elf_hall_statues, layout_gridlike, drop_trap, minivault_11,
          serial_library_regret_index_boxing, grunt_ministairs_7,
          nicolae_shop_clearance
Vaults:1: nicolae_vaults_tetromino_Z_2, nicolae_vaults_door_testing_chamber,
          nicolae_vaults_taking_the_gang_shopping, hangedman_vaults_snaps,
          v_misc_29, hangedman_surveillance_ring,
          nicolae_vaults_storage_room_water, ontoclasm_vaults_idyll,
          hangedman_vaults_capsules, hangedman_vaults_cutoff,
          ontoclasm_vaults_fault, nicolae_vaults_apartment_2,
          layout_vaults_omnibox, serial_shops, nicolae_shop_advertising_works
          [nicolae_subvault_shop_adworks], shop,
          nicolae_shop_just_a_little_nook, shop
Vaults:2: minmay_crypt_entry_nasty_monster, vaults_mumra_hexcomb,
          vaults_standard_mumra_enter_the_diamond, v_misc_13,
          ontoclasm_vaults_chip, vaults_room_corners, ontoclasm_vaults_spin,
          v_pattern_4, v_misc_17, layout_vaults_big_room, serial_shops, shop
Vaults:3: nicolae_vaults_bisected_inception, hangedman_vaults_hat,
          vaults_dpeg_diagonal, v_rooms_5, vaults_mumra_chevron_long,
          vaults_room_ringed_pool, v_misc_25, ontoclasm_vaults_chip,
          ontoclasm_vaults_eye, nicolae_vaults_turnstiles, vaults_dpeg_ring,
          vaults_room_corners, nicolae_vaults_trapezoid_2,
          nicolae_vaults_apartment_2, layout_vaults_maze_snakey
Vaults:4: nicolae_vaults_doubleplus_tesselated,
          nicolae_vaults_trapezoid_layered, st_lattice, vaults_room_grid,
          v_misc_31, nicolae_vaults_asterisk, ontoclasm_vaults_misaligned,
          nicolae_vaults_trapezoid_lopsided_2,
          nicolae_vaults_storage_room_glass, layout_vaults_omnigrid, uniq_donald
Vaults:5
Depths:1: layout_cave_shapes, serial_shops, nicolae_shop_scrapyard,
          hangedman_decor_slide_cut, grunt_hell_entry_dis_mu,
          minmay_room_of_horrors, serial_library_regret_index_small_wings,
          grunt_dithmenos_smoke_and_mirrors, firewood_loft
Depths:2: gammafunk_dig_for_victory, layout_small_grid, hell_entry,
          rand_demon_pan_entry_3, infiniplex_staircase_pool_2,
          minmay_shop_grove, uniq_asterion
Depths:3: grunt_deathspiral_large, layout_gridville, enter_ziggurat_e,
          serial_bayou_pond_d, abyss_entry, hangedman_tar_grid_catacomb,
          serial_bayou_shore_b
Depths:4: evilmike_zot_entry_argh, layout_cave_pools, serial_glass,
          glass_columns_b, glass_columns_b, abyss_entry,
          pf_vacation_house_of_asmodeus, serial_shops, shop,
          minmay_parallelograms
Hell
Coc:1:    layout_cocytus_water_paths
Coc:2:    layout_cocytus_water_paths
Coc:3:    layout_cocytus_water_paths
Coc:4:    layout_ice_bergs
Coc:5:    layout_cocytus_water_paths
Coc:6:    layout_cocytus_water_paths, serial_ice
Coc:7:    coc_hangedman

Skill      XL: |  1  2  3  4  5  6  7  8  9 10 11 12 13 14 15 16 17 18 19 20 21 22 23 24 25 26 |
---------------+-------------------------------------------------------------------------------+-----
Earth Magic    | 4 5 6 7 8 9 10 11 13 14 15 18 22 25 27 | 27.0
Conjurations   | 2 3 4 5 6 7 8 9 10 11 12 13 16 19 21 22 23 | 23.7
Spellcasting   | 3 4 5 6 8 10 | 10.8
Fighting       | 3 5 6 11 12 13 14 15 18 | 18.0
Armour         | 2 4 6 8 10 11 12 | 12.0
Dodging        | 2 4 5 6 7 8 9 |  9.1
Ice Magic      | 1 3 |  3.0
Air Magic      | 1 3 |  3.0
Shields        | 2 12 | 12.0
Fire Magic     | 8 14 16 18 20 22 | 22.8
Stealth        | |  2.1

Action                     |  1- 3 |  4- 6 |  7- 9 | 10-12 | 13-15 | 16-18 | 19-21 | 22-24 | 25-27 || total
---------------------------+-------+-------+-------+-------+-------+-------+-------+-------+-------++-------
  Melee: Spear             |    28 |       |       |       |       |       |       |       |       ||    28
         Staff             |       |     5 |     1 |     9 |    22 |    46 |    49 |    14 |    11 ||   157
         Demon whip        |       |       |       |       |    12 |       |       |       |       ||    12
         Unarmed           |       |       |       |       |       |       |    11 |     2 |       ||    13
   Cast: Sandblast         |    36 |    84 |   117 |   305 |   751 |   282 |   188 |     6 |     3 ||  1772
         Stone Arrow       |       |       |    11 |    61 |   256 |   590 |   359 |    65 |    13 ||  1355
         Freezing Cloud    |       |       |       |       |    36 |    84 |    53 |     3 |       ||   176
         Bombard           |       |       |       |       |     3 |    26 |    79 |   106 |    62 ||   276
         Iskenderun's Batt |       |       |       |       |       |    95 |    24 |     8 |     6 ||   133
         Shatter           |       |       |       |       |       |       |   107 |   195 |   110 ||   412
         Ignition          |       |       |       |       |       |       |       |       |    49 ||    49
  Evoke: Wand              |       |     2 |     2 |     2 |    16 |     7 |       |       |       ||    29
    Use: Scroll            |       |       |     4 |     2 |    17 |     4 |    12 |     4 |     1 ||    44
         Potion            |       |       |       |     2 |     2 |     1 |     4 |     2 |       ||    11
   Stab: Confused          |       |       |       |       |       |       |     1 |       |       ||     1
 Armour: Robe              |    22 |    20 |    31 |       |       |       |       |       |       ||    73
         Steam dragon scal |       |       |       |   231 |       |       |       |       |       ||   231
         Troll leather arm |       |       |       |     1 |   874 |   622 |   446 |   278 |   105 ||  2326
         Skin              |       |       |       |       |       |       |     1 |     4 |       ||     5
  Dodge: Dodged            |    19 |     8 |    36 |   211 |   697 |   287 |   175 |   103 |    36 ||  1572
  Block: Kite shield       |       |       |       |       |       |   370 |   296 |   162 |    26 ||   854
         Reflection        |       |       |       |       |       |       |    26 |    15 |       ||    41
         Other             |       |       |       |       |       |       |     1 |       |       ||     1

Table legend: (Time is in decaauts)
 A = Elapsed time spent in this place.
 B = Non-inter-level travel time spent in this place.
 C = Inter-level travel time spent in this place.
 D = Time resting spent in this place.
 E = Time spent auto-exploring this place.
 F = Levels seen in this place.
 G = Mean time per level.
                   A        B        C        D        E       F      G
               +--------+--------+--------+--------+--------+-----+--------+
         Total |  70254 |  66116 |   4138 |   2930 |  51286 |  55 | 1277.3 |
       Dungeon |  17841 |  15990 |   1851 |    339 |  13206 |  15 | 1189.4 |
        Temple |     54 |      2 |     52 |      0 |      0 |   1 |   54.0 |
          Lair |   8947 |   8324 |    623 |    230 |   6135 |   5 | 1789.4 |
         Swamp |   5827 |   5498 |    329 |    245 |   4480 |   4 | 1456.8 |
     Snake Pit |   8511 |   8300 |    211 |     91 |   6923 |   4 | 2127.8 |
  Orcish Mines |   2775 |   2551 |    224 |     49 |   1919 |   2 | 1387.5 |
   Elven Halls |   5472 |   5335 |    137 |     65 |   4426 |   3 | 1824.0 |
        Vaults |   9978 |   9747 |    231 |   1234 |   7101 |   5 | 1995.6 |
        Depths |   5404 |   5067 |    337 |    583 |   3639 |   4 | 1351.0 |
          Hell |    495 |    475 |     20 |     51 |    363 |   1 |  495.0 |
       Cocytus |   2697 |   2576 |    121 |      0 |   1756 |   7 |  385.3 |
         Abyss |    680 |    680 |      0 |      0 |    363 |   1 |  680.0 |
         Trove |     85 |     85 |      0 |      0 |     62 |   1 |   85.0 |
         Sewer |    478 |    478 |      0 |      0 |    378 |   1 |  478.0 |
        Bailey |   1005 |   1005 |      0 |     43 |    535 |   1 | 1005.0 |
               +--------+--------+--------+--------+--------+-----+--------+

Top non-repeatable levels by time:
  Lair:5: 3253 daAuts
Vaults:4: 2818 daAuts
 Snake:4: 2800 daAuts
Vaults:1: 2467 daAuts
 Swamp:3: 2151 daAuts
 Snake:1: 2139 daAuts
   Orc:2: 2104 daAuts
   Elf:3: 2076 daAuts
Depths:1: 1888 daAuts
   Elf:1: 1882 daAuts
     D:9: 1842 daAuts
    D:14: 1837 daAuts
 Snake:3: 1815 daAuts
  Lair:3: 1792 daAuts
    D:15: 1770 daAuts
